 Dungeon Crawl Stone Soup version 0.28.0-53-g5a82cb258f (webtiles) character file.

Game seed: 8534187432762067367

438 Tirrikindir the Slasher (level 7, -3/47 HPs)
             Began as an Octopode Fighter on Aug 19, 2022.
             Was a Believer of Okawaru.
             Slain by a wyvern zombie (15 damage)
             ... on level 5 of the Dungeon.
             The game lasted 00:06:39 (3410 turns).

Tirrikindir the Slasher (Octopode Fighter)          Turns: 3410, Time: 00:06:40

Health: -3/47      AC:  1    Str: 16    XL:     7   Next: 1%
Magic:  8/8        EV: 13    Int: 10    God:    Okawaru [**....]
Gold:   173        SH:  5    Dex: 13    Spells: 6/6 levels left

rFire   . . .      SeeInvis .   d - +2 double sword (vorpal)
rCold   . . .      Faith    .   b - +0 buckler
rNeg    . . .      Spirit   .   (helmet restricted)
rPois   .          Reflect  .   (no amulet)
rElec   .          Harm     .   (no ring)
rCorr   .          Rampage  .   (no ring)
Will    .....                   (no ring)
Stlth   +++.......              (no ring)
HPRegen 0.15/turn               (no ring)
MPRegen 0.11/turn               (no ring)
                                (no ring)
                                (no ring)

@: marked
A: almost no armour, amphibious, 8 rings, camouflage 1, gelatinous body 1,
(nimble swimmer 1), tentacles
a: Renounce Religion, Heroism


You were on level 5 of the Dungeon.
You worshipped Okawaru.
Okawaru was pleased with you.
You visited 1 branch of the dungeon, and saw 5 of its levels.

You collected 173 gold pieces.

Inventory:

Hand Weapons
 d - a +2 vorpal double sword (weapon)
 g - a +3 short sword
Missiles
 k - 6 boomerangs (quivered)
Armour
 b - a +0 buckler (worn)
Wands
 a - a wand of polymorph (6)
Scrolls
 e - a scroll of amnesia
 f - 2 scrolls of fear
Potions
 c - a potion of might
 h - 2 potions of lignification
 i - a potion of heal wounds {unknown}
 j - a potion of magic {unknown}
 l - 2 potions of haste
 m - a potion of curing


   Skills:
 + Level 3.9 Fighting
 * Level 4.0 Long Blades
 + Level 3.9 Dodging
 + Level 3.1 Stealth
 + Level 3.9 Shields
 + Level 2.0 Invocations
 + Level 2.1 Evocations


You had 6 spell levels left.
You didn't know any spells.
Your spell library contained the following spells:

 Spells                   Type           Power      Damage    Failure   Level
 Gell's Gravitas          Tloc           0%         N/A       82%         3
 Inner Flame              Hex/Fire       0%         N/A       82%         3
 Teleport Other           Tloc           0%         N/A       82%         3
 Cause Fear               Hex            0%         N/A       99%         4
 Dispersal                Tloc           0%         N/A       100%        6
 Discord                  Hex            0%         N/A       100%        8


Dungeon Overview and Level Annotations

Branches:
Dungeon (5/15)
 Temple: D:4-7

Altars:
Okawaru


Innate Abilities, Weirdness & Mutations

You cannot wear most types of armour.
You are amphibious.
You can wear up to eight rings at the same time.
Your skin changes colour to match your surroundings (Stealth+).
Your rubbery body absorbs attacks. (AC +1, EV +1)
((You are camouflaged when in or above water. (Stealth+)))
You have tentacles for arms and can constrict up to eight enemies at once.


Message History

You start resting.
A bullfrog skeleton comes into view.
A scorpion comes into view.
Throw: 6 boomerangs
Press: ? - help, Q - select action, (/) - cycle Shift-Dir - straight line, f - bullfrog skeleton
Aim: a bullfrog skeleton (77% to hit)
You throw a boomerang.
The boomerang hits the bullfrog skeleton.
The bullfrog skeleton is moderately damaged.
You start resting.
There are monsters nearby!
You slash the scorpion!
You kill the scorpion!
Okawaru accepts your kill. The bullfrog skeleton hits you.
A wyvern zombie comes into view.
Your Stealth skill increases to level 3!
Your Invocations skill increases to level 2!
Your Evocations skill increases to level 2!
You slash the bullfrog skeleton! You grab the bullfrog skeleton.
The bullfrog skeleton is almost destroyed.
You constrict the bullfrog skeleton.
You destroy the bullfrog skeleton!
Okawaru accepts your kill. The wyvern zombie closely misses you.
Your Long Blades skill increases to level 4!
You have reached level 7!
You barely miss the wyvern zombie. The wyvern zombie bites you!
You slash the wyvern zombie!
The wyvern zombie is heavily damaged.
The wyvern zombie bites you.
* * * LOW HITPOINT WARNING * * *
The wyvern zombie completely misses you.
Okay, then.
You slash the wyvern zombie! Your squeeze misses the wyvern zombie.
The wyvern zombie is severely damaged.
The wyvern zombie bites you!
* * * LOW HITPOINT WARNING * * *
You block the wyvern zombie's attack.
It was a potion of curing.
You feel better. The wyvern zombie bites you!
You die...

#################
######
#......Z.........
.....#
#>.....s.......Z.
.###.#
#Z###############
.# #.# #@# .#
#.###########.# .#
#.........[...#
.#################
.##.### .##...#
.##.#.# .##.#.####
....#....#


You could see a wyvern zombie.

Vanquished Creatures
  A bullfrog (D:3)
  A scorpion (D:5)
  A bullfrog zombie (D:4)
  A centaur zombie (D:5)
  A jelly (D:4)
  An orc priest (D:4)
  A centaur skeleton (D:2)
  A bullfrog skeleton (D:5)
  A howler monkey zombie (D:4)
  5 adders
  An adder skeleton (D:4)
  2 worms
  3 dart slugs
  3 orcs (D:4)
  7 ball pythons
  7 endoplasms
  3 giant cockroaches
  10 goblins
  3 hobgoblins
  8 kobolds
  3 quokkas
  3 bats
  5 frilled lizards
  3 rats (D:1)
75 creatures vanquished.

Vanquished Creatures (others)
  A hound (D:5)
  An ufetubus (D:5)
2 creatures vanquished.

Grand Total: 77 creatures vanquished

Notes
Turn   | Place    | Note
-------+----------+-------------------------------------------
     0 | D:1      | Tirrikindir the Octopode Fighter began the quest for the
                  | Orb.
     0 | D:1      | Reached XP level 1. HP: 16/16 MP: 1/1
   195 | D:1      | Reached XP level 2. HP: 21/21 MP: 2/2
   205 | D:1      | Reached skill level 1 in Stealth
   427 | D:1      | Found a faded altar of an unknown god.
   430 | D:1      | Prayed at the altar of an unknown god.
   430 | D:1      | Became a worshipper of Warmaster Okawaru
   430 | D:1      | Reached * piety under Okawaru
   698 | D:1      | Identified a scroll of acquirement
   698 | D:1      | Acquired a +2 double sword of holy wrath
   835 | D:2      | Reached XP level 3. HP: 17/26 MP: 3/3
  1157 | D:2      | Reached XP level 4. HP: 31/31 MP: 4/4
  1180 | D:2      | Reached skill level 3 in Long Blades
  1641 | D:3      | Reached skill level 1 in Invocations
  1934 | D:3      | Noticed a bullfrog
  1935 | D:3      | Killed a bullfrog
  1936 | D:3      | Reached skill level 1 in Evocations
  1936 | D:3      | Reached XP level 5. HP: 36/36 MP: 5/5
  2468 | D:4      | Reached ** piety under Okawaru
  2473 | D:4      | Reached XP level 6. HP: 22/42 MP: 7/7
  2623 | D:4      | Found the +10 Black Knight's barding {ponderous, rPois rN+}
  3233 | D:5      | Entered Level 5 of the Dungeon
  3242 | D:5      | Found an iron altar of Okawaru.
  3407 | D:5      | Reached skill level 4 in Long Blades
  3407 | D:5      | Reached XP level 7. HP: 29/47 MP: 8/8
  3409 | D:5      | HP: 1/47 [wyvern zombie (8)]
  3410 | D:5      | Slain by a wyvern zombie

Illustrated notes

Levels and vault maps discovered:
D:1:      saegor_arrival_simple_d, layout_loops_cross,
          hellmonk_ecumenical_altar_inner_sanctum, st_stairs_1, minivault_14
D:2:      layout_basic
D:3:      layout_loops_cross, hex_medium, nicolae_figureground_sparkle
D:4:      layout_cave_pools, dk_noncrumbling_2
D:5:      layout_basic, mainiacjoe_overflow_cross_hatched,
          minmay_temple_entry_nine_rooms, lemuel_flamethrower_2

Skill      XL: |  1  2  3  4  5  6 |
---------------+-------------------+-----
Stealth        | 1 2 3 |  3.1
Long Blades    | 3 4 |  4.0
Invocations    | 1 2 |  2.0
Evocations     | 1 2 |  2.1
Fighting       | |  3.9
Dodging        | |  3.9
Shields        | |  3.9

Action                   |  1- 3 |  4- 6 |  7- 9 || total
-------------------------+-------+-------+-------++-------
Melee: Long sword        |    21 |       |       ||    21
       Constrict         |     6 |    19 |       ||    25
       Tentacles         |     2 |    15 |       ||    17
       Double sword      |    14 |    81 |     3 ||    98
       Punch             |       |     3 |       ||     3
Throw: Boomerang         |       |     4 |       ||     4
  Use: Scroll            |     5 |     4 |       ||     9
       Potion            |     1 |       |     1 ||     2
 Stab: Sleeping          |     9 |    10 |       ||    19
Armor: Skin              |     1 |     4 |       ||     5
Dodge: Dodged            |    11 |    42 |     1 ||    54
Block: Buckler           |     4 |    13 |     1 ||    18
